 Dungeon Crawl Stone Soup version 0.18-a0-1542-g9c1a92e (webtiles) character file.

66 sbjvksfvbljs the Sneak (level 3, -17/18 HPs)
             Began as a Spriggan Assassin on Mar 10, 2016.
             Demolished by an orc warrior
             ... wielding a cursed -2 scimitar
              (25 damage)
             ... on level 3 of the Dungeon.
             The game lasted 00:07:26 (2032 turns).

sbjvksfvbljs the Sneak (Spriggan Assassin)          Turns: 2032, Time: 00:07:26

Health: -17/18     AC:  3    Str:  8    XL:     3   Next: 96%
Magic:  4/4        EV: 17    Int: 12    God:
Gold:   71         SH:  0    Dex: 17    Spells: 0 memorised, 3 levels left

rFire  . . .     SeeInvis +     a - +2 dagger
rCold  . . .     Gourm    .     c - +0 robe
rNeg   . . .     Faith    .     (shield restricted)
rPois  .         Spirit   .     (helmet restricted)
rElec  .         Dismiss  .     d - +0 cloak
rCorr  .         Reflect  .     (gloves unavailable)
SustAt .         Harm     .     (boots unavailable)
MR     .....                    k - amulet of rage
Stlth  ++++......               (no ring)
                                o - ring of flight

@: very quick, not resistant to hostile enchantments, stealthy
A: unfitting armour, see invisible, herbivore 3, speed 3, slow metabolism 2
a: Evoke Berserk Rage, Evoke Flight


You were on level 3 of the Dungeon.
You were not hungry.

You visited 1 branch of the dungeon, and saw 3 of its levels.

You collected 71 gold pieces.

Inventory:

Hand Weapons
 a - a +2 dagger (weapon)
 b - a +0 blowgun
Missiles
 e - 34 poisoned needles
 f - 2 curare-tipped needles
Armour
 c - a +0 robe (worn)
 d - a +0 cloak (worn)
Jewellery
 k - an amulet of rage (around neck)
 o - a ring of flight (left hand)
Scrolls
 m - a scroll of random uselessness {unknown}
Potions
 h - 3 potions of curing {unknown}
 i - a potion of berserk rage
 j - 2 potions of cure mutation {unknown}
 l - a potion of cancellation {unknown}
 q - a potion of degeneration {unknown}
Comestibles
 g - 2 bread rations
 n - a fruit
 p - a slice of pizza


   Skills:
 + Level 2.0 Fighting
 * Level 3.0 Short Blades
 + Level 2.5 Throwing
 * Level 0.8 Armour
 + Level 2.2 Dodging
 + Level 6.0 Stealth
 + Level 0.5 Spellcasting


You had 3 spell levels left.
You didn't know any spells.

Dungeon Overview and Level Annotations

Branches:
Dungeon (3/15)

Altars:


Innate Abilities, Weirdness & Mutations

You are tiny and cannot use many weapons and most armour.
You have supernaturally acute eyesight.
You are a herbivore.
You cover ground extremely quickly.
You need consume almost no food.


Message History

The orc warrior misses you.
You hit the orc warrior but do no damage.
The orc warrior is lightly wounded.
The orc warrior closely misses you.
You barely miss the orc warrior.
The orc warrior is lightly wounded.
You hit the orc warrior but do no damage.
The orc warrior is lightly wounded.
The orc warrior hits you with an enchanted scimitar!
You hit the orc warrior but do no damage.
The orc warrior is lightly wounded.
The orc warrior closely misses you.
You closely miss the orc warrior.
The orc warrior is lightly wounded.
The orc misses you.
You hit the orc warrior but do no damage.
The orc warrior is lightly wounded.
The orc warrior hits you with an enchanted scimitar!!
Ouch! That really hurt!
You die...

###########
#oo@......#
#o#######.#
# #.# #.#
#.# #.# #.#
## #.# .#
#.#


You could see an orc warrior and 2 orcs.

Vanquished Creatures
  3 adders
  An ooze (D:2)
  A giant gecko (D:1)
  3 orcs (D:3)
  4 bats
  A giant cockroach (D:3)
  4 goblins
  A hobgoblin (D:1)
  2 kobolds
  3 quokkas
  3 giant newts
  5 rats
31 creatures vanquished.

Notes
Turn   | Place    | Note
--------------------------------------------------------------
     0 | D:1      | sbjvksfvbljs the Spriggan Assassin began the quest for the Orb.
     0 | D:1      | Reached XP level 1. HP: 10/10 MP: 2/2
   273 | D:1      | Reached XP level 2. HP: 13/15 MP: 3/3
   307 | D:1      | Reached skill level 6 in Stealth
   834 | D:2      | Reached XP level 3. HP: 15/18 MP: 4/4
  1426 | D:3      | Noticed an orc warrior
  2032 | D:3      | Demolished by an orc warrior

Vault maps used:
D:1:      scummos_arrival_hexagon
D:3:      supply_closet_lemuel

Skill      XL: |  1  2  3 |
---------------+----------+-----
Stealth        | 6 |  6.0
Dodging        | 2 |  2.2
Fighting       | 2 |  2.0
Short Blades   | 3 |  3.0
Throwing       | |  2.5
Armour         | |  0.8
Spellcasting   | |  0.5

Action                   || total
-------------------------++-------
Melee: Dagger            ||    86
 Fire: Blowgun           ||     8
  Use: Scroll            ||     5
 Stab: Sleeping          ||    12
